3L
THUNDER BAY NORTHERN LIONS BC @ KINGSTON TOWNSHIP KNIGHTS
06/19/2053
 
TOP OF THE 1ST
Thunder Bay Northern Lions BC batting - Pitching for Kingston Township Knights : RHP Rodrigo García
Pitching: RHP Rodrigo García
Batting: RHB Jacob Grimsey 0-0: Ball
1-0: Called Strike
1-1: Foul Ball, location: 2F
1-2: Strikes out swinging
Batting: SHB Celestino Canova 0-0: Ball
1-0: Foul Ball, location: 2F
1-1: Foul Ball, location: 2F
1-2: Strikes out swinging
Batting: LHB Andy Gould 0-0: Foul Ball, location: 2F
0-1: Called Strike
0-2: SINGLE (Flyball, 6D, EV 90.0 MPH)
Batting: RHB Jack Lazarus 0-0: Ball
Andy Gould steals 2nd base
1-0: Ball
2-0: Called Strike
2-1: Foul Ball, location: 2F
2-2: Ball
3-2: Ground out 5-3 (Groundball, 56, EV 102.5 MPH)
Top of the 1st over - 0 runs, 1 hit, 0 errors, 1 left on base; Thunder Bay 0 - Kingston Township 0
BOTTOM OF THE 1ST
Kingston Township Knights batting - Pitching for Thunder Bay Northern Lions BC : LHP Steve Hale
Pitching: LHP Steve Hale
Batting: RHB Alohinani Puanani 0-0: Ball
1-0: SINGLE (Groundball, 6M, EV 105.6 MPH) (infield hit)
Batting: RHB António Vega 0-0: Ball
1-0: DOUBLE (Line Drive, 9LM, EV 106.2 MPH)
Alohinani Puanani to third
Batting: LHB Tyler Adams 0-0: Ball
1-0: SINGLE (Groundball, 5S, EV 66.9 MPH) (infield hit)
Alohinani Puanani scores
António Vega to third
Batting: RHB Oliver Jordan 0-0: SINGLE (Line Drive, 34D, EV 97.5 MPH)
António Vega scores
Tyler Adams to second
Runner from 2nd tries for 3rd, SAFE, throw by RF made to third
Batting: LHB Rashid Qutaybah 0-0: Ball
1-0: Ball
2-0: Called Strike
2-1: Grounds into double play, U6-3 (Groundball, 4M, EV 101.2 MPH)
Tyler Adams scores
Batting: LHB Carlos Chávez 0-0: Ball
1-0: Fly out, F7 (Line Drive, 7, EV 85.6 MPH)
Bottom of the 1st over - 3 runs, 4 hits, 0 errors, 0 left on base; Thunder Bay 0 - Kingston Township 3
TOP OF THE 2ND
Thunder Bay Northern Lions BC batting - Pitching for Kingston Township Knights : RHP Rodrigo García
Batting: RHB Bob Hawkins 0-0: Ball
1-0: Swinging Strike
1-1: Swinging Strike
1-2: Fly out, F8 (Flyball, 89M, EV 95.6 MPH)
Batting: RHB Tyler Harris 0-0: Foul Ball, location: 2F
0-1: Called Strike
0-2: Ball
1-2: Foul Ball, location: 2F
1-2: Strikes out swinging
Batting: LHB Ricardo Flores 0-0: Ball
1-0: Ball
2-0: Ball
3-0: Called Strike
3-1: Called Strike
3-2: Ground out 6-3 (Groundball, 6M, EV 82.5 MPH)
Top of the 2nd over - 0 runs, 0 hits, 0 errors, 0 left on base; Thunder Bay 0 - Kingston Township 3
BOTTOM OF THE 2ND
Kingston Township Knights batting - Pitching for Thunder Bay Northern Lions BC : LHP Steve Hale
Batting: LHB Jason Longoria 0-0: Swinging Strike
0-1: Ball
1-1: Ball
2-1: Called Strike
2-2: Strikes out swinging, 2-3 out at first.
Batting: RHB Rubén Plumey 0-0: Called Strike
0-1: Ground out U3 (Groundball, 23, EV 85.6 MPH)
Batting: RHB Carlos Zamora 0-0: Ball
1-0: Ball
2-0: Ball
3-0: Called Strike
3-1: Foul Ball, location: 2F
3-2: Strikes out swinging
Bottom of the 2nd over - 0 runs, 0 hits, 0 errors, 0 left on base; Thunder Bay 0 - Kingston Township 3
TOP OF THE 3RD
Thunder Bay Northern Lions BC batting - Pitching for Kingston Township Knights : RHP Rodrigo García
Batting: LHB Clarence Hogan 0-0: Ball
1-0: Foul Ball, location: 2F
1-1: Ground out 4-3 (Groundball, 4, EV 83.1 MPH)
Batting: RHB Leonard Saunders 0-0: Fly out, F7 (Flyball, 7, EV 93.8 MPH)
Batting: RHB Jacob Grimsey 0-0: Called Strike
0-1: Called Strike
0-2: Ball
1-2: Ground out 4-3 (Groundball, 4M, EV 85.0 MPH)
Top of the 3rd over - 0 runs, 0 hits, 0 errors, 0 left on base; Thunder Bay 0 - Kingston Township 3
BOTTOM OF THE 3RD
Kingston Township Knights batting - Pitching for Thunder Bay Northern Lions BC : LHP Steve Hale
Batting: RHB Alohinani Puanani 0-0: Swinging Strike
0-1: SINGLE (Groundball, 6M, EV 91.2 MPH) (infield hit)
Batting: RHB António Vega 0-0: Ball
1-0: Ball
2-0: Ball
3-0: Called Strike
3-1: SINGLE (Groundball, 4D, EV 96.9 MPH)
Alohinani Puanani to second
Runner from 2nd tries for 3rd, SAFE, throw by CF made to third
Batting: LHB Tyler Adams 0-0: Foul Ball, location: 2F
0-1: Foul Ball, location: 2F
0-2: Ball
1-2: Ball
2-2: Ball
3-2: Foul Ball, location: 2F
3-2: SINGLE (Groundball, 34, EV 88.1 MPH) (infield hit)
Alohinani Puanani scores
António Vega to second
Batting: RHB Oliver Jordan 0-0: Grounds into double play, 6-4-3 (Groundball, 6, EV 97.5 MPH)
António Vega to third
Batting: LHB Rashid Qutaybah 0-0: SINGLE (Groundball, 4D, EV 97.5 MPH)
António Vega scores
Batting: LHB Carlos Chávez 0-0: Fly out, F9 (Line Drive, 89S, EV 110.6 MPH)
Bottom of the 3rd over - 2 runs, 4 hits, 0 errors, 1 left on base; Thunder Bay 0 - Kingston Township 5
TOP OF THE 4TH
Thunder Bay Northern Lions BC batting - Pitching for Kingston Township Knights : RHP Rodrigo García
Batting: SHB Celestino Canova 0-0: Ball
1-0: Ground out 2-3 (Groundball, 2L, EV 68.1 MPH)
Batting: LHB Andy Gould 0-0: Called Strike
0-1: Swinging Strike
0-2: Ball
1-2: Ball
2-2: Strikes out swinging
Batting: RHB Jack Lazarus 0-0: Called Strike
0-1: Swinging Strike
0-2: Strikes out looking
Top of the 4th over - 0 runs, 0 hits, 0 errors, 0 left on base; Thunder Bay 0 - Kingston Township 5
BOTTOM OF THE 4TH
Kingston Township Knights batting - Pitching for Thunder Bay Northern Lions BC : LHP Steve Hale
Batting: LHB Jason Longoria 0-0: Ball
1-0: Fly out, F8 (Flyball, 8LD, EV 83.1 MPH)
Batting: RHB Rubén Plumey 0-0: Ball
1-0: Called Strike
1-1: Ball
2-1: Ball
3-1: Ground out 4-3 (Groundball, 4, EV 105.0 MPH)
Batting: RHB Carlos Zamora 0-0: Called Strike
0-1: Foul Ball, location: 2F
0-2: Ball
1-2: Ball
2-2: Strikes out swinging
Bottom of the 4th over - 0 runs, 0 hits, 0 errors, 0 left on base; Thunder Bay 0 - Kingston Township 5
TOP OF THE 5TH
Thunder Bay Northern Lions BC batting - Pitching for Kingston Township Knights : RHP Rodrigo García
Batting: RHB Bob Hawkins 0-0: Called Strike
0-1: Called Strike
0-2: Ball
1-2: Strikes out swinging
Batting: RHB Tyler Harris 0-0: Ball
1-0: Called Strike
1-1: Ball
2-1: Foul Ball, location: 2F
2-2: SINGLE (Groundball, 6MD, EV 94.4 MPH)
Batting: LHB Ricardo Flores 0-0: Ball
1-0: Called Strike
1-1: Ball
2-1: Foul Ball, location: 2F
2-2: Ball
3-2: Base on Balls
Tyler Harris to second
Batting: LHB Clarence Hogan 0-0: Foul Ball, location: 2F
0-1: Ball
1-1: Ball
2-1: Called Strike
2-2: SINGLE (Flyball, 8RS, EV 89.4 MPH)
Tyler Harris to third
Ricardo Flores to second
Runner from 3rd tries for Home, SAFE, throw by CF to home
Batting: RHB Leonard Saunders 0-0: Swinging Strike
0-1: Ball
1-1: Foul Ball, location: 2F
1-2: Ball
2-2: Strikes out swinging
Batting: RHB Jacob Grimsey 0-0: Foul Ball, location: 2F
0-1: Ball
1-1: Ground out U3 (Groundball, 3S, EV 80.0 MPH)
Top of the 5th over - 1 run, 2 hits, 0 errors, 2 left on base; Thunder Bay 1 - Kingston Township 5
BOTTOM OF THE 5TH
Kingston Township Knights batting - Pitching for Thunder Bay Northern Lions BC : LHP Steve Hale
Batting: RHB Alohinani Puanani 0-0: Called Strike
0-1: Ground out 6-3 (Groundball, 6MD, EV 93.8 MPH)
Batting: RHB António Vega 0-0: Ball
1-0: Ball
2-0: Foul Ball, location: 2F
2-1: Called Strike
2-2: Ball
3-2: Strikes out swinging
Batting: LHB Tyler Adams 0-0: Called Strike
0-1: Called Strike
0-2: Strikes out looking
Bottom of the 5th over - 0 runs, 0 hits, 0 errors, 0 left on base; Thunder Bay 1 - Kingston Township 5
TOP OF THE 6TH
Thunder Bay Northern Lions BC batting - Pitching for Kingston Township Knights : RHP Rodrigo García
Batting: SHB Celestino Canova 0-0: Foul Ball, location: 2F
0-1: Ball
1-1: Fly out, F6 (Line Drive, 4, EV 70.0 MPH)
Batting: LHB Andy Gould 0-0: Foul Ball, location: 2F
0-1: Foul Ball, location: 2F
0-2: Strikes out swinging
Batting: RHB Jack Lazarus 0-0: Ball
1-0: Called Strike
1-1: Ball
2-1: SINGLE (Groundball, 56S, EV 60.6 MPH) (infield hit)
Batting: RHB Bob Hawkins 0-0: Called Strike
0-1: Swinging Strike
0-2: Strikes out swinging
Top of the 6th over - 0 runs, 1 hit, 0 errors, 1 left on base; Thunder Bay 1 - Kingston Township 5
BOTTOM OF THE 6TH
Kingston Township Knights batting - Pitching for Thunder Bay Northern Lions BC : LHP Steve Hale
Pitching: RHP Mike Allen
Batting: RHB Oliver Jordan 0-0: Swinging Strike
0-1: Ball
1-1: Fly out, F9 (Line Drive, 89D, EV 93.1 MPH)
Batting: LHB Rashid Qutaybah 0-0: Ball
1-0: Foul Ball, location: 2F
1-1: SINGLE (Groundball, 4MD, EV 100.6 MPH)
Batting: LHB Carlos Chávez 0-0: Fly out, F8 (Flyball, 78M, EV 89.4 MPH)
Batting: LHB Jason Longoria 0-0: Ball
1-0: Foul Ball, location: 2F
1-1: Ground out 4-3 (Groundball, 4S, EV 87.5 MPH)
Bottom of the 6th over - 0 runs, 1 hit, 0 errors, 1 left on base; Thunder Bay 1 - Kingston Township 5
TOP OF THE 7TH
Thunder Bay Northern Lions BC batting - Pitching for Kingston Township Knights : RHP Rodrigo García
Batting: RHB Tyler Harris 0-0: Called Strike
0-1: Foul Ball, location: 2F
0-2: Foul Ball, location: 2F
0-2: SINGLE (Groundball, 4MD, EV 101.9 MPH)
Batting: LHB Ricardo Flores 0-0: Swinging Strike
0-1: Ball
1-1: Foul Ball, location: 2F
1-2: Grounds into double play, 4-6-3 (Groundball, 4, EV 85.0 MPH)
Batting: LHB Clarence Hogan 0-0: Ball
1-0: Called Strike
1-1: Ground out 4-3 (Groundball, 4, EV 88.1 MPH)
Top of the 7th over - 0 runs, 1 hit, 0 errors, 0 left on base; Thunder Bay 1 - Kingston Township 5
BOTTOM OF THE 7TH
Kingston Township Knights batting - Pitching for Thunder Bay Northern Lions BC : RHP Mike Allen
Batting: RHB Rubén Plumey 0-0: Called Strike
0-1: Ball
1-1: Ball
2-1: Swinging Strike
2-2: Ball
3-2: Ground out 5-3 (Groundball, 56S, EV 84.4 MPH)
Batting: RHB Carlos Zamora 0-0: Called Strike
0-1: Swinging Strike
0-2: Ball
1-2: Strikes out swinging
Batting: RHB Alohinani Puanani 0-0: Called Strike
0-1: Ball
1-1: Ground out 2-3 (Groundball, 2L, EV 75.6 MPH)
Bottom of the 7th over - 0 runs, 0 hits, 0 errors, 0 left on base; Thunder Bay 1 - Kingston Township 5
TOP OF THE 8TH
Thunder Bay Northern Lions BC batting - Pitching for Kingston Township Knights : RHP Rodrigo García
Batting: RHB Leonard Saunders 0-0: TRIPLE (Line Drive, 89XD, EV 102.5 MPH)
Batting: RHB Jacob Grimsey 0-0: Ball
1-0: Foul Ball, location: 2F
1-1: SINGLE (Groundball, 34D, EV 100.6 MPH)
Leonard Saunders scores
Batting: SHB Celestino Canova 0-0: Called Strike
0-1: Swinging Strike
0-2: Ball
1-2: Strikes out swinging
Batting: LHB Andy Gould 0-0: Ball
1-0: Swinging Strike
1-1: Fly out, F7 (Flyball, 7, EV 86.9 MPH)
Batting: RHB Jack Lazarus 0-0: Ball
1-0: Ball
2-0: Called Strike
2-1: Ball
3-1: Called Strike
3-2: DOUBLE (Groundball, 5L, EV 101.2 MPH)
Jacob Grimsey to third
Jacob Grimsey scores
Pitching: RHP George Atwater
Batting: RHB Bob Hawkins 0-0: Called Strike
0-1: Ball
1-1: Ball
Wild Pitch!
Jack Lazarus to third
2-1: Swinging Strike
2-2: Fly out, F9 (Flyball, 89M, EV 86.2 MPH)
Top of the 8th over - 2 runs, 3 hits, 0 errors, 1 left on base; Thunder Bay 3 - Kingston Township 5
BOTTOM OF THE 8TH
Kingston Township Knights batting - Pitching for Thunder Bay Northern Lions BC : RHP Mike Allen
Pitching: RHP Jerry Sargent
Batting: RHB António Vega 0-0: Ball
1-0: Ball
2-0: SINGLE (Groundball, 3D, EV 95.0 MPH)
Batting: LHB Tyler Adams 0-0: Ball
1-0: Ball
2-0: Foul Ball, location: 2F
2-1: Foul Ball, location: 2F
2-2: Foul Ball, location: 2F
2-2: DOUBLE (Line Drive, 78D, EV 107.5 MPH)
António Vega to third
Batting: RHB Oliver Jordan 0-0: Ball
1-0: Ball
2-0: Foul Ball, location: 2F
2-1: Foul Ball, location: 2F
2-2: Strikes out swinging
Batting: LHB Rashid Qutaybah 0-0: Fly out, F9 (Flyball, 9, EV 84.4 MPH)
Batting: LHB Carlos Chávez 0-0: Ball
1-0: Called Strike
1-1: Ball
2-1: Called Strike
2-2: Ball
3-2: Base on Balls
Pitching: LHP Mark Antrim
Batting: LHB Jason Longoria 0-0: Called Strike
0-1: Foul Ball, location: 2F
0-2: Strikes out swinging
Bottom of the 8th over - 0 runs, 2 hits, 0 errors, 3 left on base; Thunder Bay 3 - Kingston Township 5
TOP OF THE 9TH
Thunder Bay Northern Lions BC batting - Pitching for Kingston Township Knights : RHP George Atwater
Batting: RHB Tyler Harris 0-0: Ball
1-0: Called Strike
1-1: Fly out, F7 (Flyball, 7LD, EV 80.6 MPH)
Batting: LHB Ricardo Flores 0-0: Ball
1-0: Ground out 4-3 (Groundball, 4D, EV 101.9 MPH)
Batting: LHB Clarence Hogan 0-0: Ball
1-0: Ball
2-0: Ball
3-0: Base on Balls
Batting: RHB Leonard Saunders 0-0: Ball
1-0: Ball
2-0: Called Strike
2-1: Called Strike
2-2: Ball
3-2: Ground out 6-3 (Groundball, 6, EV 110.0 MPH)
Top of the 9th over - 0 runs, 0 hits, 0 errors, 1 left on base; Thunder Bay 3 - Kingston Township 5
Saturday, January 20th , 2024 - OOTP Baseball 23.10 Build 110